 Dungeon Crawl Stone Soup version 0.21.1-1-g345015f (webtiles) character file.

5671 tidbits the Martial Artist (level 10, 0/91 HPs)
             Began as a Gnoll Transmuter on Mar 23, 2018.
             Was a Believer of Cheibriados.
             Slain by an unseen horror (12 damage)
             ... on level 10 of the Dungeon.
             The game lasted 00:38:51 (3182 turns).

tidbits the Martial Artist (Gnoll Transmuter)       Turns: 3182, Time: 00:38:52

Health: 0/91       AC:  7    Str: 17    XL:     10   Next: 75%
Magic:  17/21      EV: 15    Int: 22    God:    Cheibriados [**....]
Gold:   245        SH:  0    Dex: 20    Spells: 6/24 levels left

rFire    . . .     SeeInvis .     - Unarmed
rCold    + + +     Gourm    .   (shield currently unavailable)
rNeg     . . .     Faith    .   (armour currently unavailable)
rPois    +         Spirit   .   (helmet currently unavailable)
rElec    .         Reflect  .   (cloak currently unavailable)
rCorr    .         Harm     .   (gloves currently unavailable)
MR       .....                  (boots currently unavailable)
Stlth    +++.......             (no amulet)
HPRegen  0.25/turn              P - ring of flight
MPRegen  0.17/turn              o - ring of protection from fire

@: ice-form, very slow
A: large, distributed training, strong nose
a: End Transformation, Bend Time, Renounce Religion, Evoke Flight


You were on level 10 of the Dungeon.
You worshipped Cheibriados.
Cheibriados was pleased with you.
You were not hungry.
You were a creature of crystalline ice.
You visited 2 branches of the dungeon, and saw 12 of its levels.
You also visited: Ossuary.

You collected 355 gold pieces.
You spent 110 gold pieces at shops.

Inventory:

Hand Weapons
 f - a +0 dagger
 g - a +0 hunting sling
 k - a +1 dagger of venom
   (You took it off an orc wizard on level 4 of the Dungeon)
 n - a +0 scythe
 q - a +0 war axe
 s - the +4 Vampire's Tooth (melded) {vamp}
   (You found it on level 4 of the Dungeon)

   It inflicts no extra harm, but heals its wielder when it wounds a living foe.
 w - a +2 dagger of electrocution
   (You found it on level 5 of the Dungeon)
 I - a +0 blowgun
 Q - a +0 hand crossbow
Missiles
 a - 50 arrows
 b - a throwing net {!f}
 l - 140 stones
 z - 8 javelins (quivered)
 H - 8 tomahawks
 M - 3 poisoned tomahawks
Armour
 j - a +0 ring mail
 B - a +0 troll leather armour (melded)
 C - a +0 cloak (melded)
 E - a +2 helmet (melded)
 G - a +0 robe
 J - a +1 ring mail of poison resistance
   (You took it off Joseph on level 9 of the Dungeon)
 R - the +1 robe of Bad Feelings {rF- MR++ Slay+2}
   (You found it on level 5 of the Dungeon)

   It affects your accuracy and damage with ranged weapons and melee attacks
   (+2).
   It makes you vulnerable to fire.
   It affects your resistance to hostile enchantments.
Jewellery
 o - a ring of protection from fire (right front paw)
   (You found it on level 9 of the Dungeon)
 P - a ring of flight (left front paw)
   (You found it on level 8 of the Dungeon)
Wands
 u - a wand of polymorph (10)
 K - a wand of flame (14)
 L - a wand of iceblast (8)
Scrolls
 h - 7 scrolls of teleportation
 m - a scroll of enchant weapon
 r - 2 scrolls of remove curse
 y - a scroll of fog {unknown}
 A - 2 scrolls of fear
 N - 3 scrolls of noise
Potions
 i - 3 potions of haste {unknown}
 p - 2 potions of resistance
 t - a potion of might
 v - a potion of agility
 D - a potion of experience
Books
 d - a book of Changes

   Spells                             Type                      Level
   a - Beastly Appendage              Transmutation                1
   b - Sticks to Snakes               Transmutation                2
   c - Spider Form                    Transmutation/Poison         3
   d - Ice Form                       Ice/Transmutation            4
   e - Blade Hands                    Transmutation                5
 F - a book of Air
   (You found it on level 5 of the Dungeon)

   Spells                             Type                      Level
   a - Shock                          Conjuration/Air              1
   b - Swiftness                      Charms/Air                   2
   c - Static Discharge               Conjuration/Air              3
   d - Airstrike                      Air                          4
   e - Lightning Bolt                 Conjuration/Air              5
 O - a book of Geomancy
   (You found it on level 8 of the Dungeon)

   Spells                             Type                      Level
   a - Sandblast                      Earth                        1
   b - Passwall                       Transmutation/Earth          2
   c - Stone Arrow                    Conjuration/Earth            3
   d - Petrify                        Transmutation/Earth          4
   e - Lee's Rapid Deconstruction     Earth                        5
Miscellaneous
 S - a phial of floods
Comestibles
 c - 10 rations


   Skills:
 + Level 6.1 Fighting
 + Level 5.4 Short Blades
 + Level 5.4 Long Blades
 + Level 5.4 Axes
 + Level 5.4 Maces & Flails
 + Level 5.4 Polearms
 + Level 5.4 Staves
 + Level 5.4 Slings
 + Level 5.4 Bows
 + Level 5.4 Crossbows
 + Level 5.4 Throwing
 + Level 5.4 Armour
 + Level 7.2 Dodging
 + Level 5.4 Stealth
 + Level 5.4 Shields
 + Level 8.6 Unarmed Combat
 + Level 7.5 Spellcasting
 + Level 4.5 Conjurations
 + Level 4.5 Hexes
 + Level 4.5 Charms
 + Level 4.5 Summonings
 + Level 4.5 Necromancy
 + Level 4.5 Translocations
 + Level 6.0 Transmutations
 + Level 4.5 Fire Magic
 + Level 4.5 Ice Magic
 + Level 4.5 Air Magic
 + Level 4.5 Earth Magic
 + Level 4.5 Poison Magic
 + Level 6.0 Invocations
 + Level 5.4 Evocations


You had 6 spell levels left.
You knew the following spells:

 Your Spells              Type           Power        Failure   Level  Hunger
a - Sandblast             Erth           ####..       1%          1    None
e - Beastly Appendage     Tmut           ####..       1%          1    None
h - Blade Hands           Tmut           ####......   19%         5    #####..
i - Ice Form              Ice/Tmut       ####....     9%          4    ###....
k - Sticks to Snakes      Tmut           ####....     1%          2    None
p - Passwall              Tmut/Erth      ####......   1%          2    None
P - Spider Form           Tmut/Pois      ####......   2%          3    None


Dungeon Overview and Level Annotations

Branches:
Dungeon (11/15)            Temple (1/1) D:7             Orc (0/2) D:9
   Lair: D:8-11

Altars:
Cheibriados
Elyvilon
Fedhas
Gozag
Hepliaklqana
Makhleb
Nemelex Xobeh
Okawaru
Ru
Uskayaw
Vehumet
Wu Jian
Xom
Yredelemnul
Zin
The Shining One

Shops:
D:5 !   D:10 =

Annotations:
D:5 Tenz's ghost, novice SpEE
D:7 exclusion: ice statue


Innate Abilities, Weirdness & Mutations

Your experience applies equally to all skills.
((You have very sharp teeth.))
Your uncanny sense of smell can sniff out nearby items.


Message History

You feel the dreadful sensation subside.
Something hits you.
You hit something but do no damage. Something hits you. Something hits you!
Something hits you. Something hits you.
Unknown command.
Unknown command.
You hear a splashing noise.
You see here 21 bolts.
Unknown command.
Something barely misses you.
Unknown command.
You hit something. You freeze something. Something hits you.
Something hits you. Something barely misses you. Something hits you.
* * * LOW HITPOINT WARNING * * *
Unknown command.
Something hits you.
* * * LOW HITPOINT WARNING * * *
Something hits you.
* * * LOW HITPOINT WARNING * * *
Something hits you but does no damage.
Unknown command.
Something hits you.
* * * LOW HITPOINT WARNING * * *
Unknown command.
Something hits you!
* * * LOW HITPOINT WARNING * * *
There is an open door here.
Unknown command.
You swing at nothing.
Something barely misses you.
Unknown command.
You punch something! You freeze something. Something hits you.
* * * LOW HITPOINT WARNING * * *
You swing at nothing.
Something hits you!
* * * LOW HITPOINT WARNING * * *
Something hits you but does no damage.
You hit something but do no damage. Something barely misses you. x2
Unknown command.
You feel much better. Something hits you but does no damage.
Unknown command.
You swing at nothing.
Something hits you.
* * * LOW HITPOINT WARNING * * *
You closely miss something. Something hits you but does no damage.
Something barely misses you.
Unknown command.
You barely miss something. Something hits you!
* * * LOW HITPOINT WARNING * * *
You swing at nothing.
Something hits you but does no damage.
Unknown command.
You swing at nothing.
Something hits you.
* * * LOW HITPOINT WARNING * * *
You miss something. Something hits you but does no damage.
Unknown command.
You swing at nothing.
Unknown command.
You punch something! You freeze something. Something hits you!
* * * LOW HITPOINT WARNING * * *
Something hits you.
* * * LOW HITPOINT WARNING * * *
Something hits you!
* * * LOW HITPOINT WARNING * * *
You feel much better. Something hits you!
* * * LOW HITPOINT WARNING * * *
Something hits you but does no damage.
You hit something but do no damage. Something hits you.
* * * LOW HITPOINT WARNING * * *
Something hits you!
* * * LOW HITPOINT WARNING * * *
Unknown command.
You feel much better. Something hits you!
* * * LOW HITPOINT WARNING * * *
You hit something. You freeze something. Something hits you!
* * * LOW HITPOINT WARNING * * *
Something barely misses you. x2
You miss something. Something hits you.
* * * LOW HITPOINT WARNING * * *
Okay, then.
Evoke which item? (* to show all) (? for menu, Esc to quit)
Okay, then.
You feel better. Something barely misses you.
Unknown command.
You hit something. You freeze something. Something hits you!
You die...

#..♣≈≈.≈≈≈≈≈ #..(P≈≈.≈≈.≈
##+.#P..P... #..##.#####
##....# ###+ #.#### #..
#..# #.# ##.# ###'###
####Y#######.# ......###
#............#
......'.#####.......#####
......#....##.......#
......####..'.......#
#'##### ####.......# #.#
###'##### #∩## #.# #..#
#.#


There were no monsters in sight!

Vanquished Creatures
  A two-headed ogre (D:8)
  Joseph (D:9)
  A troll (D:10)
  A merfolk (D:9)
  A meliai zombie (D:10)
  Sigmund (D:4)
  5 yaks (D:9)
  2 humans (D:9)
  Eustachio (D:3)
  2 orc warriors (D:9)
  A sky beast (D:9)
  A swamp drake (D:9)
  A black bear (D:8)
  3 ogres
  2 centaurs
  The ghost of VLARC the Skirmisher, an amateur VSWr (D:3)
  2 bullfrogs
  3 scorpions
  11 killer bees
  2 vampire bats (D:4)
  3 crimson imps (D:5)
  A bullfrog zombie (D:6)
  A centaur zombie (D:6)
  2 bullfrog skeletons
  7 orc priests
  2 hounds
  7 orc wizards
  An iguana (D:5)
  Terence (D:3)
  3 worker ants
  4 adders
  2 worms (D:2)
  2 dart slugs (D:1)
  3 leopard geckos
  28 orcs
  5 giant cockroaches
  4 goblins
  5 hobgoblins
  10 jackals
  7 kobolds
  5 quokkas
  A ball python (D:3)
  4 bats
  3 frilled lizards
  3 rats
157 creatures vanquished.

Vanquished Creatures (collateral kills)
  A water moccasin (D:5)
  An orc wizard (D:5)
  A bat (D:3)
  A goblin (D:1)
  2 jackals (D:5)
6 creatures vanquished.

Grand Total: 163 creatures vanquished

Notes
Turn   | Place    | Note
-------+----------+-------------------------------------------
     0 | D:1      | tidbits the Gnoll Transmuter began the quest for the Orb.
     0 | D:1      | Reached XP level 1. HP: 17/17 MP: 6/6
   153 | D:1      | Reached XP level 2. HP: 6/23 MP: 5/7
   157 | D:1      | Learned a level 2 spell: Sticks to Snakes
   237 | D:1      | Reached XP level 3. HP: 9/28 MP: 7/9
   242 | D:1      | Learned a level 3 spell: Spider Form
   280 | D:2      | Reached skill level 5 in Spellcasting
   470 | D:1      | Reached skill level 1 in Invocations
   510 | D:3      | Noticed Terence
   527 | D:3      | Killed Terence
   527 | D:3      | Reached skill level 1 in Short Blades
   527 | D:3      | Reached skill level 1 in Long Blades
   527 | D:3      | Reached skill level 1 in Axes
   527 | D:3      | Reached skill level 1 in Maces & Flails
   527 | D:3      | Reached skill level 1 in Polearms
   527 | D:3      | Reached skill level 1 in Staves
   527 | D:3      | Reached skill level 1 in Slings
   527 | D:3      | Reached skill level 1 in Bows
   527 | D:3      | Reached skill level 1 in Crossbows
   527 | D:3      | Reached skill level 1 in Throwing
   527 | D:3      | Reached skill level 1 in Armour
   527 | D:3      | Reached skill level 1 in Stealth
   527 | D:3      | Reached skill level 1 in Shields
   527 | D:3      | Reached skill level 1 in Evocations
   527 | D:3      | Reached XP level 4. HP: 31/34 MP: 1/11
   547 | D:3      | Noticed VLARC's ghost (amateur VSWr)
   555 | D:3      | Killed VLARC's ghost
   555 | D:3      | Reached skill level 1 in Conjurations
   555 | D:3      | Reached skill level 1 in Hexes
   555 | D:3      | Reached skill level 1 in Charms
   555 | D:3      | Reached skill level 1 in Summonings
   555 | D:3      | Reached skill level 1 in Necromancy
   555 | D:3      | Reached skill level 1 in Translocations
   555 | D:3      | Reached skill level 1 in Fire Magic
   555 | D:3      | Reached skill level 1 in Ice Magic
   555 | D:3      | Reached skill level 1 in Air Magic
   555 | D:3      | Reached skill level 1 in Earth Magic
   555 | D:3      | Reached skill level 1 in Poison Magic
   555 | D:3      | Reached XP level 5. HP: 16/40 MP: 1/12
   645 | D:3      | Reached skill level 3 in Fighting
   657 | D:4      | Noticed Sigmund
   725 | D:4      | Noticed Eustachio
   739 | D:3      | Killed Eustachio
   739 | D:3      | Reached skill level 4 in Transmutations
   739 | D:3      | Reached skill level 2 in Invocations
   739 | D:3      | Reached XP level 6. HP: 25/47 MP: 9/14
   753 | D:4      | Found a sand-covered staircase.
   756 | D:4      | Killed Sigmund
   756 | D:4      | Reached skill level 2 in Short Blades
   756 | D:4      | Reached skill level 2 in Long Blades
   756 | D:4      | Reached skill level 2 in Axes
   756 | D:4      | Reached skill level 2 in Maces & Flails
   756 | D:4      | Reached skill level 2 in Polearms
   756 | D:4      | Reached skill level 2 in Staves
   756 | D:4      | Reached skill level 2 in Slings
   756 | D:4      | Reached skill level 2 in Bows
   756 | D:4      | Reached skill level 2 in Crossbows
   756 | D:4      | Reached skill level 2 in Throwing
   756 | D:4      | Reached skill level 2 in Armour
   756 | D:4      | Reached skill level 5 in Dodging
   756 | D:4      | Reached skill level 2 in Stealth
   756 | D:4      | Reached skill level 2 in Shields
   756 | D:4      | Reached skill level 2 in Evocations
   756 | D:4      | Reached XP level 7. HP: 21/52 MP: 6/15
   778 | Ossuary  | Entered an ossuary
   823 | Ossuary  | Noticed a wraith
   823 | Ossuary  | Noticed a flying skull
   856 | Ossuary  | Noticed a flying skull
   857 | Ossuary  | Noticed a flying skull
   929 | D:4      | Learned a level 4 spell: Ice Form
   947 | D:4      | Found the +4 Vampire's Tooth {vamp}
   951 | D:4      | Reached skill level 7 in Unarmed Combat
   979 | D:4      | Reached skill level 2 in Conjurations
   979 | D:4      | Reached skill level 2 in Hexes
   979 | D:4      | Reached skill level 2 in Charms
   979 | D:4      | Reached skill level 2 in Summonings
   979 | D:4      | Reached skill level 2 in Necromancy
   979 | D:4      | Reached skill level 2 in Translocations
   979 | D:4      | Reached skill level 2 in Fire Magic
   979 | D:4      | Reached skill level 2 in Ice Magic
   979 | D:4      | Reached skill level 2 in Air Magic
   979 | D:4      | Reached skill level 2 in Earth Magic
   979 | D:4      | Reached skill level 2 in Poison Magic
  1048 | D:5      | Entered Level 5 of the Dungeon
  1061 | D:5      | Noticed Tenz's ghost (novice SpEE)
  1154 | D:4      | Found a hide-covered altar of Uskayaw.
  1198 | D:4      | Reached skill level 3 in Invocations
  1226 | D:4      | Found a shimmering altar of Xom.
  1305 | D:5      | Found Bacoav's Distillery.
  1313 | D:5      | Bought a potion of heal wounds for 55 gold pieces
  1313 | D:5      | Bought a potion of heal wounds for 55 gold pieces
  1399 | D:5      | Reached XP level 8. HP: 57/60 MP: 16/16
  1400 | D:5      | Identified a scroll of acquirement
  1450 | D:5      | Reached skill level 4 in Fighting
  1450 | D:5      | Reached skill level 3 in Short Blades
  1450 | D:5      | Reached skill level 3 in Long Blades
  1450 | D:5      | Reached skill level 3 in Axes
  1450 | D:5      | Reached skill level 3 in Maces & Flails
  1450 | D:5      | Reached skill level 3 in Polearms
  1450 | D:5      | Reached skill level 3 in Staves
  1450 | D:5      | Reached skill level 3 in Slings
  1450 | D:5      | Reached skill level 3 in Bows
  1450 | D:5      | Reached skill level 3 in Crossbows
  1450 | D:5      | Reached skill level 3 in Throwing
  1450 | D:5      | Reached skill level 3 in Armour
  1450 | D:5      | Reached skill level 3 in Stealth
  1450 | D:5      | Reached skill level 3 in Shields
  1450 | D:5      | Reached skill level 3 in Evocations
  1495 | D:5      | Got a transparent robe
  1505 | D:5      | Found a glowing silver altar of Zin.
  1525 | D:5      | Identified the cursed +1 robe of Bad Feelings {rF- MR++ Slay+2} (You found it on level 5 of the Dungeon)
  1591 | D:5      | Reached skill level 6 in Spellcasting
  1627 | D:6      | Got a pitted emerald amulet
  1628 | D:6      | Identified the amulet "Soud" {Spirit *Corrode Str+4 Dex+3} (You acquired it on level 6 of the Dungeon)
  1723 | D:6      | Got a scorched diamond amulet
  1725 | D:6      | Identified the amulet "Fosho" {Faith Dex+5 Slay-5} (You found it on level 6 of the Dungeon)
  1836 | D:6      | Found an opulent altar of Gozag.
  1837 | D:6      | Found a sparkling altar of Nemelex Xobeh.
  1942 | D:7      | Reached skill level 3 in Conjurations
  1942 | D:7      | Reached skill level 3 in Hexes
  1942 | D:7      | Reached skill level 3 in Charms
  1942 | D:7      | Reached skill level 3 in Summonings
  1942 | D:7      | Reached skill level 3 in Necromancy
  1942 | D:7      | Reached skill level 3 in Translocations
  1942 | D:7      | Reached skill level 3 in Fire Magic
  1942 | D:7      | Reached skill level 3 in Ice Magic
  1942 | D:7      | Reached skill level 3 in Air Magic
  1942 | D:7      | Reached skill level 3 in Earth Magic
  1942 | D:7      | Reached skill level 3 in Poison Magic
  1942 | D:7      | Reached skill level 4 in Invocations
  1951 | D:7      | Reached skill level 6 in Dodging
  1951 | D:7      | Reached XP level 9. HP: 65/66 MP: 9/18
  1953 | D:7      | Reached skill level 5 in Transmutations
  1999 | D:7      | Noticed an ice statue
  2016 | D:7      | Found a staircase to the Ecumenical Temple.
  2025 | Temple   | Entered the Ecumenical Temple
  2053 | Temple   | Became a worshipper of Cheibriados the Contemplative
  2209 | D:8      | Found a burning altar of Makhleb.
  2216 | D:8      | Noticed a two-headed ogre
  2218 | D:8      | Reached skill level 4 in Short Blades
  2218 | D:8      | Reached skill level 4 in Long Blades
  2218 | D:8      | Reached skill level 4 in Axes
  2218 | D:8      | Reached skill level 4 in Maces & Flails
  2218 | D:8      | Reached skill level 4 in Polearms
  2218 | D:8      | Reached skill level 4 in Staves
  2218 | D:8      | Reached skill level 4 in Slings
  2218 | D:8      | Reached skill level 4 in Bows
  2218 | D:8      | Reached skill level 4 in Crossbows
  2218 | D:8      | Reached skill level 4 in Throwing
  2218 | D:8      | Reached skill level 4 in Armour
  2218 | D:8      | Reached skill level 4 in Stealth
  2218 | D:8      | Reached skill level 4 in Shields
  2218 | D:8      | Reached skill level 4 in Evocations
  2221 | D:8      | Killed a two-headed ogre
  2221 | D:8      | Reached skill level 5 in Fighting
  2240 | D:8      | Reached skill level 8 in Unarmed Combat
  2376 | D:8      | Learned a level 2 spell: Passwall
  2416 | D:9      | Found a radiant altar of Vehumet.
  2472 | D:10     | Entered Level 10 of the Dungeon
  2500 | D:9      | Reached skill level 5 in Invocations
  2536 | D:9      | Reached * piety under Cheibriados
  2564 | D:9      | Learned a level 1 spell: Sandblast
  2573 | D:9      | Noticed a merfolk
  2576 | D:9      | Killed a merfolk
  2576 | D:9      | Reached skill level 7 in Spellcasting
  2576 | D:9      | Reached XP level 10. HP: 69/74 MP: 6/20
  2603 | D:9      | Learned a level 5 spell: Blade Hands
  2606 | D:9      | Reached skill level 4 in Conjurations
  2606 | D:9      | Reached skill level 4 in Hexes
  2606 | D:9      | Reached skill level 4 in Charms
  2606 | D:9      | Reached skill level 4 in Summonings
  2606 | D:9      | Reached skill level 4 in Necromancy
  2606 | D:9      | Reached skill level 4 in Translocations
  2606 | D:9      | Reached skill level 4 in Fire Magic
  2606 | D:9      | Reached skill level 4 in Ice Magic
  2606 | D:9      | Reached skill level 4 in Air Magic
  2606 | D:9      | Reached skill level 4 in Earth Magic
  2606 | D:9      | Reached skill level 4 in Poison Magic
  2614 | D:9      | Reached skill level 5 in Short Blades
  2614 | D:9      | Reached skill level 5 in Long Blades
  2614 | D:9      | Reached skill level 5 in Axes
  2614 | D:9      | Reached skill level 5 in Maces & Flails
  2614 | D:9      | Reached skill level 5 in Polearms
  2614 | D:9      | Reached skill level 5 in Staves
  2614 | D:9      | Reached skill level 5 in Slings
  2614 | D:9      | Reached skill level 5 in Bows
  2614 | D:9      | Reached skill level 5 in Crossbows
  2614 | D:9      | Reached skill level 5 in Throwing
  2614 | D:9      | Reached skill level 5 in Armour
  2614 | D:9      | Reached skill level 5 in Stealth
  2614 | D:9      | Reached skill level 5 in Shields
  2614 | D:9      | Reached skill level 5 in Evocations
  2650 | D:9      | Found an iron altar of Okawaru.
  2772 | D:9      | Noticed Joseph
  2789 | D:9      | Killed Joseph
  2789 | D:9      | Reached skill level 7 in Dodging
  2840 | D:9      | Found a staircase to the Orcish Mines.
  2843 | D:9      | Reached skill level 6 in Fighting
  2852 | D:9      | Reached ** piety under Cheibriados
  3076 | D:10     | Found Lopuwaan's Jewellery Shoppe.
  3139 | D:10     | Reached skill level 6 in Transmutations
  3139 | D:10     | Reached skill level 6 in Invocations
  3175 | D:10     | HP: 5/91 [something (7)]
  3180 | D:10     | HP: 6/91 [something (2)]
  3182 | D:10     | Slain by an unseen horror

Skill      XL: |  1  2  3  4  5  6  7  8  9 10 |
---------------+-------------------------------+-----
Spellcasting   | 5 6 7 |  7.5
Invocations    | 1 2 3 4 5 6 |  6.0
Short Blades   | 1 2 3 4 5 |  5.4
Long Blades    | 1 2 3 4 5 |  5.4
Axes           | 1 2 3 4 5 |  5.4
Maces & Flails | 1 2 3 4 5 |  5.4
Polearms       | 1 2 3 4 5 |  5.4
Staves         | 1 2 3 4 5 |  5.4
Slings         | 1 2 3 4 5 |  5.4
Bows           | 1 2 3 4 5 |  5.4
Crossbows      | 1 2 3 4 5 |  5.4
Throwing       | 1 2 3 4 5 |  5.4
Armour         | 1 2 3 4 5 |  5.4
Stealth        | 1 2 3 4 5 |  5.4
Shields        | 1 2 3 4 5 |  5.4
Evocations     | 1 2 3 4 5 |  5.4
Conjurations   | 1 2 3 4 |  4.5
Hexes          | 1 2 3 4 |  4.5
Charms         | 1 2 3 4 |  4.5
Summonings     | 1 2 3 4 |  4.5
Necromancy     | 1 2 3 4 |  4.5
Translocations | 1 2 3 4 |  4.5
Fire Magic     | 1 2 3 4 |  4.5
Ice Magic      | 1 2 3 4 |  4.5
Air Magic      | 1 2 3 4 |  4.5
Earth Magic    | 1 2 3 4 |  4.5
Poison Magic   | 1 2 3 4 |  4.5
Fighting       | 3 4 5 6 |  6.1
Transmutations | 4 5 6 |  6.0
Dodging        | 5 6 7 |  7.2
Unarmed Combat | 7 8 |  8.6

Action                   |  1- 3 |  4- 6 |  7- 9 | 10-12 || total
-------------------------+-------+-------+-------+-------++-------
Melee: Unarmed           |    76 |    35 |   178 |    68 ||   357
       Kick              |     7 |       |       |     2 ||     9
       Bite              |     5 |     1 |     2 |     2 ||    10
       Punch             |     2 |       |       |     3 ||     5
       Dagger            |       |       |    24 |    22 ||    46
Throw: Stone             |       |       |     3 |       ||     3
       Javelin           |       |       |       |     5 ||     5
 Cast: Beastly Appendage |     8 |       |     1 |     1 ||    10
       Sticks to Snakes  |     3 |     2 |     6 |     2 ||    13
       Spider Form       |     6 |     6 |     3 |       ||    15
       Ice Form          |       |       |    19 |     3 ||    22
       Passwall          |       |       |     1 |     1 ||     2
       Sandblast         |       |       |       |     8 ||     8
       Blade Hands       |       |       |       |     3 ||     3
 Abil: End Transformatio |       |     1 |     5 |     2 ||     8
Evoke: Wand              |       |       |     8 |       ||     8
  Use: Scroll            |       |     2 |    14 |     3 ||    19
       Potion            |       |     1 |     4 |     5 ||    10
 Stab: Sleeping          |     1 |     1 |     5 |     1 ||     8
       Distracted        |       |       |     2 |       ||     2
       Paralysed         |       |       |     4 |       ||     4
  Eat: Chunk             |       |     1 |     8 |     2 ||    11
       Ration            |       |       |     2 |       ||     2
Armor: Robe              |     6 |     2 |     5 |       ||    13
       Skin              |       |     4 |    67 |    14 ||    85
       Troll leather arm |       |       |       |     7 ||     7
Dodge: Dodged            |    40 |    26 |   125 |    61 ||   252

Table legend:
 A = Turns spent in this place as a percentage of turns spent in the entire game.
 B = Non-inter-level travel turns spent in this place as a percentage of non-inter-level travel turns spent in the entire game.
 C = Inter-level travel turns spent in this place as a percentage of turns spent in this place.
 D = Turns resting spent in this place as a percentage of non-inter-level travel turns spent in this place.
 E = Turns spent auto-exploring this place as a percentage of non-inter-level travel turns spent in this place.
 F = Non-inter-level travel turns spent in this place divided by the number of levels of this place that you've seen.
                   A       B       C       D       E      F
               +-------+-------+-------+-------+-------+----------------------
         Total | 100.0 | 100.0 |   0.3 |   0.0 |   0.0 | 244.0
       Dungeon |  94.8 |  95.1 |   0.0 |   0.0 |   0.0 | 274.1
        Temple |   1.3 |   1.0 |  24.4 |   0.0 |   0.0 |  31.0
       Ossuary |   4.0 |   4.0 |   0.0 |   0.0 |   0.0 | 126.0
               +-------+-------+-------+-------+-------+----------------------

Table legend:
 A = Kills in this place as a percentage of kills in entire the game.
 B = Kills by you in this place as a percentage of kills by you in the entire game.
 C = Kills by friends in this place as a percentage of kills by friends in the entire game.
 D = Other kills in this place as a percentage of other kills in the entire game.
 E = Experience gained in this place as a percentage of experience gained in the entire game.
 F = Experience gained in this place divided by the number of levels of this place that you have seen.
                   A       B       C       D       E      F
               +-------+-------+-------+-------+-------+----------------------
         Total | 100.0 | 100.0 | 100.0 |   N/A | 100.0 | 623.2
       Dungeon | 100.0 | 100.0 | 100.0 |   N/A | 100.0 | 736.5
               +-------+-------+-------+-------+-------+----------------------

Vault maps used:
D:1:      scummos_arrival_checkerplants
D:2:      ashenzari_altar_1
D:3:      first_ration, uniq_terence
D:4:      minmay_wonky_spiral, lemuel_blue_sif_altar, overflow_temple_1_default,
          kennysheep_little_box, nicolae_ossuary_entry_ruins,
          minmay_guarded_unrand_vampires_tooth, uniq_eustachio, uniq_sigmund
D:5:      zin_statuary, serial_shops, shop
D:6:      grunt_temple_overflow_opulence
D:7:      lemuel_ice_statue, gammafunk_temple_overflow_wave,
          minmay_temple_entry_poolview, uniq_menkaure
D:8:      bloody_makhleb, minmay_misc_feat_roman, uniq_psyche
D:9:      kiku_gazebo_garden_becter, old_standard_altar, okawaru_humans,
          david_lair_generic, erik_orc_1, hangedman_fish_farm,
          minmay_misc_feat_diagonals, small_statue_intersection, st_stairs_4,
          uniq_joseph
D:10:     serial_shops, nicolae_shop_stone, shop, minivault_24,
          serial_bayou_pond_b, st_stairs_14
D:11:     minmay_joined_circles
Temple:   dpeg_three_leaves_temple
Ossuary:  ossuary_due_cavern
